 Dungeon Crawl Stone Soup version 0.31.0-11-ge490571c62 (webtiles) character file.

Game seed: 17863521218888724651

27141 experimilk the Grappler (level 13, 0/133 HPs)
             Began as a Troll Gladiator on Feb 2, 2024.
             Was an Elder of Qazlal.
             Slain by a bone dragon (1 damage)
             ... on level 2 of the Abyss on Feb 3, 2024.
             The game lasted 00:38:41 (14427 turns).

experimilk the Grappler (Troll Gladiator)          Turns: 14427, Time: 00:38:42

Health: 0/133      AC: 22    Str: 29    XL:     13   Next: 2%
Magic:  19/19      EV: 10    Int:  4    God:    Qazlal [****..]
Gold:   1123       SH:  5    Dex: 11    Spells: 12/12 levels left

rFire   . .          .
                       - Unarmed
rCold   x . .        (no shield)
rNeg    + . .        j - +1 pearl dragon scales
rPois   .            b - +0 hat
rElec   .            Q - +0 cloak
rCorr   .            (gloves unavailable)
SInv    .            (boots unavailable)
Will    .....        (no amulet) Stlth
                     r - +4 ring of protection
HPRegen 1.22/turn    P - +4 ring of protection
MPRegen 0.16/turn

%: repel missiles
@: no status effects
A: large, unfitting armour, claws 3, regeneration 1, shaggy fur 1, tough skin 1,
deterioration 1, cold vulnerability 1, subdued magic 1
a: Renounce Religion, Upheaval, Elemental Force


You were on level 2 of the Abyss.
You worshipped Qazlal.
Qazlal was greatly pleased with you.
You visited 3 branches of the dungeon, and saw 14 of its levels.
You visited the Abyss 3 times.
You also visited: Sewer and Bailey.

You collected 1123 gold pieces.

Inventory:

Missiles
 a - 33 poisoned darts
 c - 17 boomerangs
 d - 4 datura-tipped darts
 f - 3 atropa-tipped darts
 s - 3 curare-tipped darts
 x - 12 javelins
Armour
 b - a +0 hat (worn)
 j - +1 pearl dragon scales (worn)
 Q - a +0 cloak (worn)
Jewellery
 r - a +4 ring of protection (left claw)
 t - a ring of flight
 K - a ring of wizardry
 L - a ring of magical power
 M - a ring of ice
 P - a +4 ring of protection (right claw)
 T - a ring of willpower
 V - a ring of wizardry
 Y - an amulet of faith
Wands
 o - a wand of mindburst (20)
 w - a wand of flame (72)
 E - a wand of digging (5)
 G - a wand of quicksilver (22)
 R - a wand of polymorph (5)
Scrolls
 e - a scroll of noise {unknown}
 h - 3 scrolls of enchant armour
 l - a scroll of enchant weapon
 u - a scroll of silence {unknown}
 y - 3 scrolls of fear
 C - a scroll of immolation {unknown}
 D - 2 scrolls of blinking
 I - a scroll of torment {unknown}
 J - 3 scrolls of vulnerability
 O - a scroll of fog
 U - a scroll of poison {unknown}
 W - 3 scrolls of butterflies
 X - 2 scrolls of identify
Potions
 g - a potion of haste
 i - 4 potions of curing
 k - 3 potions of enlightenment
 m - 2 potions of brilliance
 n - 3 potions of resistance
 p - 3 potions of degeneration
 v - a potion of lignification
 F - a potion of invisibility
 H - 4 potions of mutation
 N - 4 potions of heal wounds
 S - 2 potions of magic


   Skills:
 - Level 10.0 Fighting
 - Level 10.0 Throwing
 * Level 6.6 Dodging
 - Level 10.0 Unarmed Combat
 - Level 10.0 Invocations


You had 12 spell levels left.
You didn't know any spells.
Your spell library contained the following spells:

 Spells                   Type           Power      Damage    Failure   Level
 Apportation              Tloc           0%         N/A       80%         1
 Kiss of Death            Conj/Necr      0%         2d5       80%         1
 Necrotise                Necr           0%         1d4       80%         1
 Sting                    Conj/Alch      0%         1d3       80%         1
 Summon Small Mammal      Summ           0%         N/A       80%         1
 Ensorcelled Hibernation  Hex/Ice        0%         N/A       90%         2
 Confusing Touch          Hex            0%         N/A       99%         3
 Fugue of the Fallen      Necr           0%         N/A       99%         3
 Gell's Gravitas          Tloc           0%         N/A       99%         3
 Stone Arrow              Conj/Erth      0%         3d7       99%         3
 Teleport Other           Tloc           0%         N/A       99%         3
 Tukima's Dance           Hex            0%         N/A       99%         3
 Anguish                  Hex/Necr       0%         N/A       100%        4
 Animate Armour           Summ/Erth      0%         N/A       100%        4
 Dimensional Bullseye     Hex/Tloc       0%         N/A       100%        4
 Dispel Undead            Necr           0%         3d6       100%        4
 Iskenderun's Mystic Bla  Conj/Tloc      0%         2d3       100%        4
 Vhi's Electric Charge    Tloc/Air       0%         N/A       100%        4
 Arcjolt                  Conj/Air       0%         1d10      100%        5
 Dispersal                Tloc           0%         N/A       100%        6
 Plasma Beam              Fire/Air       0%         2x1d10    100%        6
 Lehudib's Crystal Spear  Conj/Erth      0%         10d2      100%        8


Dungeon Overview and Level Annotations

Branches:
Dungeon (12/15)            Temple (1/1) D:6            Lair (1/5) D:9
  Sewer (visited)          Bailey (visited)
    Orc: D:9-12

Altars:
Ashenzari
Cheibriados
Dithmenos
Elyvilon
Fedhas
Gozag
Hepliaklqana
Kikubaaqudgha
Makhleb
Nemelex Xobeh
Okawaru
Qazlal
Ru
Sif Muna
Trog
Uskayaw
Vehumet
Wu Jian
Xom
Yredelemnul
Zin
The Shining One

Shops:
D:1 *   D:5 [   D:7 *[

Annotations:
D:4 3 runed translucent doors, Gadfly's ghost, amateur DsMo
Lair:1 Sonja


Innate Abilities, Weirdness & Mutations

You are too large for most types of armour.
You have claws for hands.
Your natural rate of healing is unusually fast.
You are covered in fur. (AC +1)
You have tough skin. (AC +1)
Your body sometimes deteriorates upon taking damage.
You are vulnerable to cold. (rC-)
Your spells are a little easier to cast, but a little less powerful.


Message History

The wave of grief passes through you. You partially resist.
The weeping skull is engulfed in blazing flames.
The weeping skull touches you but does no damage.
The shining eye gazes at you.
Strange energies course through your body.
You feel yourself wasting away.
The ice devil hits you but does no damage.
You claw the bone dragon!
The bone dragon is severely damaged.
The weeping skull touches you!
* * * LOW HITPOINT WARNING * * *
The weeping skull is engulfed in blazing flames.
The weeping skull touches you but does no damage.
You block the bone dragon's attack.
The bone dragon claws you but does no damage.
The bone dragon tramples you but does no damage.
You completely miss the bone dragon.
The bone dragon is severely damaged.
The ice devil hits you but does no damage.
The bone dragon misses you.
The bone dragon claws you but does no damage.
The bone dragon barely misses you.
The weeping skull unleashes gushing sobs.
The wave of grief passes through you. You partially resist.
The weeping skull is engulfed in blazing flames.
You destroy the weeping skull!
Qazlal accepts your kill.
You claw the bone dragon!
The bone dragon is severely damaged.
You hear a bark!
The ice devil barely misses you.
Unknown command.
You claw the bone dragon!
The bone dragon is severely damaged.
You hear a bark!
The weeping skull touches you but does no damage.
The bone dragon bites you!
* * * LOW HITPOINT WARNING * * *
The bone dragon claws you.
You die...

. #. # #. ...
..#. .##># ....#
#.....♣..# .....
...##...
...##...#.. # #
°°° .... #
#.##○##.##.♣
#..°z○D.##. ###
. ..#4@### #D .#
# .....§°..##
#.# . #
....#..°°°#
.......## #
......#G..#.#...
... .
....##♣.#####
.## ##.......
##.. .. #.#.#
..#. ## . . #
#.# ...## #.#
.☼... # . # ○°#
##


You could see a bone dragon, a shining eye, an ice devil and a weeping skull.

Vanquished Creatures
  A revenant (Abyss:2)
  Josephine (D:10)
  Fannar (D:10)
  Harold (Lair:1)
  Erolcha (D:10)
  A centaur warrior (D:11)
  Erica (Lair:1)
  3 two-headed ogres
  A titan zombie (Abyss:1)
  Pikel (D:7)
  2 large abominations (Abyss:1)
  A cyclops (D:12)
  A black mamba (Lair:1)
  2 worldbinders
  2 ugly things (D:11)
  Maurice (D:8)
  3 cane toads (Lair:1)
  A rime drake (Lair:1)
  Jeremiah (D:6)
  Maggie (D:8)
  An ice devil (Abyss:1)
  2 komodo dragons (Lair:1)
  4 trolls
  A polar bear (Lair:1)
  2 hornets
  2 dream sheep (D:4)
  3 raiju (Abyss:1)
  4 wyverns
  4 wraiths
  15 yaks
  Grum (Lair:1)
  A ynoxinul (Abyss:1)
  A basilisk (Lair:1)
  A steam dragon (Lair:1)
  4 vampire mosquitoes (D:11)
  4 small abominations (Abyss:1)
  4 water moccasins
  An acid dragon (D:11)
  An ice beast (D:7)
  6 orc warriors
  2 sky beasts
  4 ogres
  8 centaurs
  2 wolves (Lair:1)
  12 kobold brigands
  3 weeping skulls (Abyss:2)
  2 brain worms
  10 bullfrogs
  5 gnoll sergeants
  3 scorpions
  12 wights
  10 killer bees
  5 howler monkeys
  An electric eel (D:8)
  5 hounds
  3 jellies
  A bombardier beetle (D:4)
  2 orc priests (D:8)
  A sleepcap (D:6)
  2 orc wizards (D:7)
  Ijyb (D:3)
  2 iguanas
  26 gnolls
  9 adders
  3 river rats (Sewer)
  A white imp (D:7)
  2 ufetubi (D:6)
  3 dart slugs
  4 ribbon worms
  13 orcs
  10 bats
  10 endoplasms
  5 giant cockroaches
  16 goblins
  8 hobgoblins
  8 jackals
  5 quokkas
  10 ball pythons
  4 frilled lizards
  29 kobolds
  15 rats
366 creatures vanquished.

Vanquished Creatures (collateral kills)
  2 orc priests (D:9)
  A kobold (D:9)
3 creatures vanquished.

Vanquished Creatures (others)
  3 dream sheep (D:4)
  2 starspawn tentacles (Abyss:1)
5 creatures vanquished.

Grand Total: 374 creatures vanquished

Notes
Turn   | Place    | Note
-------+----------+-------------------------------------------
     0 | D:1      | experimilk the Troll Gladiator began the quest for the Orb.
     0 | D:1      | Reached XP level 1. HP: 19/19 MP: 0/0
    78 | D:1      | Reached XP level 2. HP: 28/28 MP: 1/1
   155 | D:1      | Found Vedwuasi's General Store.
   320 | D:1      | Reached XP level 3. HP: 32/35 MP: 2/2
   735 | D:2      | Identified the +0 robe of Jiri Kex {rF+}
   968 | D:2      | Reached XP level 4. HP: 42/42 MP: 3/3
  1588 | D:3      | Noticed Ijyb
  1592 | D:3      | Killed Ijyb
  1926 | D:3      | Reached XP level 5. HP: 50/50 MP: 4/4
  2433 | D:4      | Found a glowing drain.
  2457 | Sewer    | Entered a sewer
  2733 | Sewer    | Reached XP level 6. HP: 53/61 MP: 3/5
  3304 | D:4      | Found a burning altar of Makhleb.
  3304 | D:4      | Found a white marble altar of Elyvilon.
  3371 | D:4      | Noticed Gadfly's ghost (amateur DsMo)
  3383 | D:4      | Found a runed translucent gate.
  3383 | D:4      | Found a runed translucent gate.
  3383 | D:4      | Found a runed translucent gate.
  3568 | D:4      | Noticed a dream sheep
  3568 | D:4      | Noticed a dream sheep
  3568 | D:4      | Noticed a dream sheep
  3568 | D:4      | Noticed a dream sheep
  3568 | D:4      | Noticed a dream sheep
  3568 | D:4      | Found a shimmering altar of Xom.
  3570 | D:4      | Killed a dream sheep
  3570 | D:4      | Killed a dream sheep
  3570 | D:4      | Killed a dream sheep
  3571 | D:4      | Killed a dream sheep
  3571 | D:4      | Killed a dream sheep
  3589 | D:4      | Reached XP level 7. HP: 56/67 MP: 6/6
  4155 | D:5      | Entered Level 5 of the Dungeon
  4604 | D:5      | Found a radiant altar of Vehumet.
  4678 | D:5      | Reached skill level 5 in Unarmed Combat
  5113 | D:5      | Found Vuas's Antique Armour Emporium.
  5163 | D:6      | Noticed Jeremiah
  5390 | D:6      | Found a staircase to the Ecumenical Temple.
  5401 | Temple   | Entered the Ecumenical Temple
  5421 | D:6      | Noticed a two-headed ogre
  5543 | D:5      | Killed a two-headed ogre
  5544 | D:5      | Reached XP level 8. HP: 23/79 MP: 7/7
  5809 | D:6      | Killed Jeremiah
  5810 | D:6      | Reached skill level 5 in Throwing
  5810 | D:6      | Reached skill level 5 in Dodging
  5838 | Temple   | Became a worshipper of Qazlal Stormbringer
  5905 | D:6      | Reached skill level 5 in Fighting
  5928 | D:6      | Reached XP level 9. HP: 88/88 MP: 8/8
  6496 | D:7      | Noticed Pikel
  6514 | D:7      | Killed Pikel
  6571 | D:7      | Found Fiet's Fire Supplies.
  6638 | D:7      | Reached * piety under Qazlal
  6778 | D:7      | Found Usaigh's Antique Armour Shoppe.
  7094 | D:8      | Found a flagged portal.
  7110 | Bailey   | Entered a bailey
  7164 | Bailey   | Reached XP level 10. HP: 98/98 MP: 9/9
  7497 | D:8      | Identified the +4 barding of Slovenliness {rElec}
  7822 | D:8      | Reached ** piety under Qazlal
  7823 | D:8      | Reached skill level 10 in Unarmed Combat
  7947 | D:8      | Noticed Maurice
  7955 | D:8      | Maurice stole a ring of magical power
  7960 | D:8      | Killed Maurice
  8005 | D:8      | Noticed Maggie
  8014 | D:8      | Killed Maggie
  8500 | D:9      | Found a glowing silver altar of Zin.
  8837 | D:9      | Found a staircase to the Lair.
  9409 | D:9      | Reached XP level 11. HP: 105/113 MP: 10/10
  9569 | D:9      | Found an ancient bone altar of Kikubaaqudgha.
  9574 | D:9      | Found a shimmering blue altar of Sif Muna.
  9581 | D:9      | Found a hide-covered altar of Uskayaw.
  9584 | D:9      | Found an opulent altar of Gozag.
  9586 | D:9      | Found a sacrificial altar of Ru.
  9591 | D:9      | Found a glowing golden altar of the Shining One.
  9692 | D:9      | Found a broken altar of Ashenzari.
  9781 | D:10     | Entered Level 10 of the Dungeon
  9833 | D:10     | Noticed Erolcha
  9851 | D:10     | Killed Erolcha
  9858 | D:10     | Reached *** piety under Qazlal
 10261 | D:10     | Noticed Josephine
 10269 | D:10     | Killed Josephine
 10270 | D:10     | Reached skill level 10 in Fighting
 10270 | D:10     | Reached skill level 1 in Invocations
 10677 | D:10     | Found an ornate altar of the Wu Jian Council.
 10785 | D:10     | Noticed Fannar
 10803 | D:10     | Killed Fannar
 11227 | D:11     | Noticed a centaur warrior
 11234 | D:11     | Killed a centaur warrior
 11235 | D:11     | Reached skill level 5 in Invocations
 11586 | D:11     | Noticed a two-headed ogre
 11594 | D:11     | Killed a two-headed ogre
 11628 | D:11     | Noticed a cyan ugly thing
 11637 | D:11     | Killed a cyan ugly thing
 11858 | D:11     | Identified the +0 scale mail "Qeat" {Str+2}
 11921 | D:11     | Noticed a white ugly thing
 11931 | D:11     | Killed a white ugly thing
 12130 | D:11     | Noticed a two-headed ogre
 12457 | D:11     | Killed a two-headed ogre
 12458 | D:11     | Reached XP level 12. HP: 116/126 MP: 15/17
 12569 | D:11     | Found a stormy altar of Qazlal.
 13140 | Lair:1   | Entered Level 1 of the Lair of Beasts
 13376 | Lair:1   | Reached **** piety under Qazlal
 13382 | Lair:1   | Noticed Grum
 13417 | Lair:1   | Killed Grum
 13652 | Lair:1   | Noticed Erica
 13657 | Lair:1   | Killed Erica
 13658 | Lair:1   | Reached skill level 10 in Invocations
 13703 | Lair:1   | Noticed Harold
 13710 | Lair:1   | Killed Harold
 13825 | Lair:1   | Identified the +10 war axe of Teloseug {flame, +Blink
                  | rPois}
 13859 | Lair:1   | Noticed Sonja
 13876 | Abyss:1  | Found a corrupted altar of Lugonu.
 13876 | Abyss:1  | Cast into level 1 of the Abyss (Sonja)
 13884 | Abyss:1  | Found a corrupted altar of Lugonu.
 13945 | Abyss:1  | Found a corrupted altar of Lugonu.
 13957 | Abyss:1  | Found a corrupted altar of Lugonu.
 13998 | Abyss:1  | Reached ***** piety under Qazlal
 14077 | Abyss:1  | Noticed a green death
 14089 | Abyss:1  | Noticed a tentacled starspawn
 14171 | Abyss:1  | Noticed a daeva
 14192 | Abyss:1  | Found a corrupted altar of Lugonu.
 14232 | Lair:1   | Escaped the Abyss
 14250 | Abyss:2  | Cast into level 2 of the Abyss (Sonja)
 14275 | Abyss:2  | Noticed a tentacled starspawn
 14292 | Lair:1   | Escaped the Abyss
 14325 | Abyss:2  | Cast into level 2 of the Abyss (Sonja)
 14352 | Abyss:2  | Noticed a brown very ugly thing
 14353 | Abyss:2  | Found a shimmering altar of Xom.
 14353 | Abyss:2  | Noticed a revenant
 14375 | Abyss:2  | Noticed an ironbound thunderhulk
 14375 | Abyss:2  | Noticed a red very ugly thing
 14375 | Abyss:2  | Noticed an ironbound thunderhulk
 14386 | Abyss:2  | Killed a revenant
 14387 | Abyss:2  | Reached skill level 10 in Throwing
 14387 | Abyss:2  | Reached XP level 13. HP: 76/133 MP: 19/19
 14398 | Abyss:2  | Noticed a bone dragon
 14420 | Abyss:2  | Gained mutation: Your spells are a little easier to cast,
                  | but a little less powerful. [a shining eye]
 14421 | Abyss:2  | Gained mutation: You are vulnerable to cold. (rC-) [a
                  | shining eye]
 14423 | Abyss:2  | Gained mutation: Your body sometimes deteriorates upon
                  | taking damage. [a shining eye]
 14424 | Abyss:2  | HP: 5/133 [weeping skull (7)]
 14427 | Abyss:2  | HP: 1/133 [bone dragon (7)]
 14427 | Abyss:2  | Slain by a bone dragon

Illustrated notes

Levels and vault maps discovered:
D:1:      nzn_arrival_crosshair, layout_rooms, serial_shops, shop,
          serial_bayou_pond_d, minmay_tiny_reverse_x
D:2:      layout_basic
D:3:      layout_basic, uniq_ijyb
D:4:      layout_basic, kb_xom_exploding_sheep,
          gammafunk_temple_overflow_statue, cheibrodos_sewer_entry_bend,
          gammafunk_ghost_split, nicolae_underground_beach
D:5:      layout_gridville, nicolae_vehumet_altar_sigil, serial_shops, shop
D:6:      layout_rooms, minmay_temple_entry_overgrown, dk_noncrumbling_3,
          kennysheep_generic_room_10, uniq_jeremiah
D:7:      layout_rooms, serial_shops, nicolae_square_shop, st_stairs_4,
          nicolae_shop_fire_sale [nicolae_sub_dead_trees],
          kennysheep_generic_room_8, uniq_pikel
D:8:      layout_gridville, enter_bailey_3, serial_bayou_pond_b, uniq_maggie,
          uniq_maurice
D:9:      layout_stronghold, nicolae_overflow_hallway_of_the_gods,
          kennysheep_mini, mainiacjoe_overflow_catwalk, lair_entry_dummy
D:10:     wander_river, layout_loops_cross, lemuel_crystal_altar, uniq_fannar,
          uniq_erolcha, uniq_josephine
D:11:     layout_roguey, nicolae_qazlal_style_of_elements
D:12:     layout_stronghold, orc_0_dummy
Temple:   nicolae_temple_figure_zero
Lair:1:   layout_roguey, serial_bayou_pond_a, st_stairs_13, grunt_megastairs_1,
          uniq_erica, uniq_harold, uniq_sonja, uniq_grum
Abyss:2:  base: Gauntlet, base: D:2, bh_abyss_xom_lugonu_altar

Skill      XL: |  1  2  3  4  5  6  7  8  9 10 11 12 |
---------------+-------------------------------------+-----
Throwing       | 2 3 4 5 6 10 | 10.0
Fighting       | 2 3 4 5 8 10 | 10.0
Dodging        | 3 4 5 6 |  6.6
Unarmed Combat | 4 5 6 8 10 | 10.0
Invocations    | 8 10 | 10.0

Action                     |  1- 3 |  4- 6 |  7- 9 | 10-12 | 13-15 || total
---------------------------+-------+-------+-------+-------+-------++-------
  Melee: Unarmed           |   115 |   154 |   170 |   529 |    24 ||   992
         Punch             |       |     2 |     8 |    22 |     1 ||    33
  Throw: Dart              |     1 |    26 |    65 |    47 |       ||   139
         Large rock        |       |     3 |    10 |    16 |       ||    29
         Throwing net      |       |       |     2 |     9 |       ||    11
         Boomerang         |       |       |    38 |   155 |       ||   193
 Invoke: Upheaval          |       |       |       |     4 |       ||     4
         Elemental Force   |       |       |       |     1 |       ||     1
  Evoke: Wand              |       |     2 |       |       |       ||     2
    Use: Scroll            |       |     6 |     6 |     9 |       ||    21
         Potion            |       |       |       |     4 |       ||     4
   Stab: Invisible         |       |       |       |     1 |       ||     1
 Armour: Robe              |    20 |       |       |       |       ||    20
         Pearl dragon scal |    55 |   102 |   119 |   516 |    54 ||   846
  Dodge: Dodged            |    58 |    78 |    68 |   211 |    12 ||   427
         Repelled          |       |       |       |     1 |       ||     1
  Block: Other             |       |       |     2 |    98 |     8 ||   108
